[Event "Team 45 45 League T56"]
[Site "Internet Chess Club"]
[Date "2013.03.18"]
[Round "4"]
[White "JWB"]
[Black "badmove"]
[Result "1/2-1/2"]
[WhiteElo "1699"]
[BlackElo "1638"]
[Opening "English opening"]
[ECO "A04"]
[Time "08:19:24"]
[TimeControl "2700+45"]

1. Nf3 d6 2. c4 e5 3. Nc3 g6 4. g3 Bg7 5. Bg2 c6 6. d4 Nd7 7. O-O h6 8. e4 exd4
9. Nxd4 Ne5 10. b3 Nf6 11. h3 O-O 12. Be3 Nh7 13. f4 Nd7 14. Qd2 Qc7 15. Rac1
Nc5 16. Rfd1 {Game drawn by mutual agreement} 1/2-1/2

[Event "Team 45 45 League T56"]
[Site "Internet Chess Club"]
[Date "2013.03.17"]
[Round "4"]
[White "ILRE"]
[Black "julesraider"]
[Result "1/2-1/2"]
[WhiteElo "1608"]
[BlackElo "1539"]
[Opening "King's Indian: London system"]
[ECO "A48"]
[Time "17:01:21"]
[TimeControl "2700+45"]

1. d4 Nf6 2. Nf3 g6 3. Bf4 d5 4. h3 Bg7 5. e3 O-O 6. Be2 c5 7. c3 Nbd7 8. O-O b6
9. Nbd2 Bb7 10. Rc1 Ne4 11. Nxe4 dxe4 12. Nd2 cxd4 13. cxd4 e5 14. dxe5 Nxe5 15.
Nb3 Nd3 16. Bxd3 exd3 17. Qd2 Qd5 18. f3 Rac8 19. e4 Qd7 20. Kh1 Ba6 21. Rfd1
Qa4 22. Rxc8 Rxc8 23. Rc1 Qd7 24. Rxc8+ Qxc8 25. e5 Qc4 26. Qe3 Qc2 27. Qd4 Qc8
28. Nc1 Qc5 29. Qd8+ Qf8 30. Qd4 Qc5 31. Qd8+ Qf8 32. Qd4 Qc5 33. Qd8+ {Game
drawn by repetition} 1/2-1/2

[Event "Team 45 45 League T56"]
[Site "Internet Chess Club"]
[Date "2013.03.17"]
[Round "4"]
[White "rayngrant"]
[Black "seattleblues"]
[Result "1-0"]
[WhiteElo "1566"]
[BlackElo "1398"]
[Opening "Caro-Kann: classical, 6.h4"]
[ECO "B18"]
[Time "21:35:21"]
[TimeControl "2700+45"]

1. e4 c6 2. d4 d5 3. Nc3 dxe4 4. Nxe4 Bf5 5. Ng3 Bg6 6. h4 h6 7. h5 Bh7 8. Nf3
Nd7 9. Bd3 Bxd3 10. Qxd3 Ngf6 11. Be3 e6 12. O-O-O Be7 13. Ne5 Nxe5 14. dxe5 Nd5
15. Ne4 Qc7 16. f4 O-O 17. g4 Rfd8 18. Qe2 a5 19. g5 hxg5 20. Nxg5 Bf6 21. exf6
Nxf4 22. Qg4 Rxd1+ 23. Rxd1 Nd5 24. Nh7 g6 25. hxg6 Kh8 26. g7+ Kg8 27. Nf8 Qh2
28. Bg5 Nb4 29. Qe4 Nxa2+ 30. Kb1 Nb4 31. Rh1 {Black resigns} 1-0

[Event "Team 45 45 League T56"]
[Site "Internet Chess Club"]
[Date "2013.03.18"]
[Round "4"]
[White "rookmaster23"]
[Black "drsigmund1"]
[Result "1-0"]
[WhiteElo "1670"]
[BlackElo "1588"]
[Opening "French: exchange variation"]
[ECO "C01"]
[Time "20:00:12"]
[TimeControl "2700+45"]

1. e4 e6 2. d4 d5 3. exd5 exd5 4. Nf3 Nf6 5. Bd3 Bd6 6. O-O O-O 7. Nc3 c6 8. Bg5
Bg4 9. h3 Be6 10. Ne5 h6 11. Bh4 Nbd7 12. Re1 Qc7 13. Nxd7 Nxd7 14. Qh5 Rae8 15.
Bg5 Be7 16. Bxh6 Nf6 17. Qg5 {Black resigns} 1-0

[Event "Team 45 45 League T56"]
[Site "Internet Chess Club"]
[Date "2013.03.15"]
[Round "4"]
[White "SirIvanhoe"]
[Black "smsxman"]
[Result "0-1"]
[WhiteElo "1449"]
[BlackElo "1516"]
[Opening "Bishop's opening"]
[ECO "C23"]
[Time "13:00:41"]
[TimeControl "2700+45"]

1. e4 e5 2. Bc4 Nc6 3. Nc3 Be7 4. d3 Nf6 5. f4 d6 6. Nf3 O-O 7. O-O a6 8. f5 Na5
9. Bb3 Nxb3 10. axb3 c6 11. h3 b5 12. g4 h6 13. Ne2 Nh7 14. Ng3 c5 15. Kg2 Bb7
16. c4 Qd7 17. Rh1 Qd8 18. Qg1 bxc4 19. bxc4 Qb6 20. Qd1 Qd8 21. Bd2 a5 22. Rh2
Bc6 23. h4 f6 24. Qh1 Qb6 25. Bc3 Qb3 26. Rc1 a4 27. Nd2 Qb7 28. Ra1 Rfb8 29.
Qc1 Bd8 30. Rb1 Ba5 31. Bxa5 Rxa5 32. Ne2 Ra6 33. Nc3 Rb6 34. Nd1 Qa6 35. Ra1
Ra8 36. Kg3 Qb7 37. Nb1 Rb3 38. Rd2 Bxe4 39. Nbc3 Bh1 40. Rf2 Bc6 41. Ne3 Qc7
42. Rd2 Qb7 43. Ra3 Rb6 44. Ncd5 Bxd5 45. Nxd5 Rb3 46. Qa1 Rxa3 47. Qxa3 Nf8 48.
g5 fxg5 49. hxg5 hxg5 50. Rh2 Qf7 51. Qa1 Ra7 52. Kg4 Nh7 53. Qh1 g6 54. Rxh7
Qxf5+ 55. Kg3 Rxh7 56. Qd1 Rh3+ 57. Kg2 Qxd3 58. Qxd3 Rxd3 59. Nb6 Rd2+ 60. Kf3
a3 61. bxa3 Rd3+ 62. Kg4 Kf7 63. a4 e4 64. Nd5 e3 65. Nxe3 Rxe3 {White resigns}
0-1

[Event "Team 45 45 League T56"]
[Site "Internet Chess Club"]
[Date "2013.03.16"]
[Round "4"]
[White "lawth3"]
[Black "Toalla"]
[Result "1/2-1/2"]
[WhiteElo "1294"]
[BlackElo "1398"]
[Opening "King's Indian: 6.Be2"]
[ECO "E91"]
[Time "09:00:55"]
[TimeControl "2700+45"]

1. d4 Nf6 2. c4 g6 3. Nc3 Bg7 4. e4 d6 5. Be2 O-O 6. Nf3 c5 7. d5 e5 8. O-O Na6
9. Bg5 Nc7 10. a4 a6 11. Qd2 Bg4 12. Nh4 Bxe2 13. Qxe2 h6 14. Be3 Nfxd5 15. Nxd5
Nxd5 16. exd5 Qxh4 17. f4 Qe7 18. f5 g5 19. Rf2 f6 20. Ra3 a5 21. Bd2 b6 22. Rh3
Qe8 23. Qg4 Qxa4 24. b3 Qa1+ 25. Rf1 Qd4+ 26. Qxd4 cxd4 27. g4 a4 28. Bb4 Rfd8
29. Ra1 axb3 30. Rxa8 Rxa8 31. Rxb3 Bf8 32. Ba3 e4 33. Kf2 Be7 34. Bb2 d3 35.
Ke3 Kf7 36. Rxb6 Ra4 37. Rc6 Ra2 38. Rb6 Ra4 39. Rc6 Ra2 40. Rb6 Ra4 41. Rc6
{Game drawn by repetition} 1/2-1/2

[Event "Team 45 45 League T56"]
[Site "Internet Chess Club"]
[Date "2013.03.21"]
[Round "4"]
[White "ILRE"]
[Black "clarinetref"]
[Result "1/2-1/2"]
[WhiteElo "1604"]
[BlackElo "1647"]
[Opening "QGD semi-Slav"]
[ECO "D43"]
[Time "11:05:57"]
[TimeControl "2700+45"]

1. d4 d5 2. Nf3 Nf6 3. c4 c6 4. Nc3 e6 5. Bg5 Be7 6. cxd5 exd5 7. e3 Bf5 8. Bd3
Bxd3 9. Qxd3 h6 10. Bh4 Nbd7 11. O-O Nh7 12. Bxe7 Qxe7 13. Rab1 Nhf6 14. b4 a6
15. Na4 O-O 16. Rfc1 Qe4 17. Qe2 Rfe8 18. h3 g5 19. Nd2 Qxd4 20. Nf3 Qe4 21. Nc3
Qe6 22. Nd4 Qe5 23. Qf3 Ne4 24. Nxe4 Qxe4 25. Qxe4 Rxe4 26. Nf5 Re6 27. Nd4 Rg6
28. a4 Ne5 29. b5 axb5 30. axb5 Ra2 31. bxc6 bxc6 32. Rb8+ Kh7 33. Re8 Nd3 34.
Rxc6 Rxc6 35. Nxc6 Rxf2 36. Nb4 Rd2 37. Nxd5 Ne1 38. Nf6+ Kg6 39. Ng4 Nxg2 40.
Kf1 Nh4 41. e4 Kg7 42. e5 Rd3 43. e6 fxe6 44. Rxe6 h5 45. Nf2 Rf3 46. Ke2 Rf6
47. Re7+ Rf7 48. Re6 Nf5 49. Kf1 Re7 50. Rxe7+ Nxe7 51. Kg2 Nf5 52. Kf3 Kg6 53.
Nd1 Nd4+ 54. Ke4 Ne6 55. Nf2 Nf4 56. Ke5 h4 57. Ke4 Kf6 58. Ng4+ Ke6 59. Nf2 Nh5
60. Ng4 Ng3+ 61. Kf3 Kf5 62. Ne3+ Ke5 63. Kg4 Kf6 64. Nd5+ Kg6 65. Ne7+ Kf6 66.
Nd5+ Kg6 {Game drawn by mutual agreement} 1/2-1/2

[Event "Team 45 45 League T56"]
[Site "Internet Chess Club"]
[Date "2013.03.18"]
[Round "4"]
[White "PostMike"]
[Black "Gilguli"]
[Result "1-0"]
[WhiteElo "1582"]
[BlackElo "1331"]
[Opening "Latvian: Fraser defense"]
[ECO "C40"]
[Time "14:32:07"]
[TimeControl "2700+45"]

1. e4 e5 2. Nf3 f5 3. Nxe5 Nc6 4. Nxc6 dxc6 5. d4 Nf6 6. e5 Nd5 7. c3 Be6 8. Nd2
Be7 9. Bc4 Bh4 10. Qe2 O-O 11. Nf3 Rf7 12. O-O f4 13. h3 Qe7 14. a4 Raf8 15. Bd3
g5 16. Nxh4 gxh4 17. Qf3 Kh8 18. Bd2 Rg7 19. Kh2 Qf7 20. Rg1 Ne7 21. Be4 Rfg8
22. Qd3 Bd5 23. Bf3 Bc4 24. Qe4 Bd5 25. Qxf4 Bxf3 26. Qxf3 Qxf3 27. gxf3 Rf8 28.
Rxg7 Kxg7 29. Rg1+ Kh8 30. f4 Nd5 31. Rg4 h6 32. Rxh4 Kh7 33. Kg3 Rg8+ 34. Kf3
Rg1 35. b4 Rd1 36. Ke2 Ra1 37. a5 Ra2 38. Kd3 Ra3 39. Kc4 Ra2 40. Be3 Rc2 41.
Kd3 Rxc3+ 42. Kd2 Rb3 43. f5 Rxb4 44. Rxh6+ Kg7 45. Rg6+ Kh7 46. Rg4 b5 47. f6
Rb2+ 48. Ke1 Nc3 49. f7 Rb1+ 50. Kd2 Ne4+ 51. Rxe4 Kg7 {Black resigns} 1-0

[Event "Team 45 45 League T56"]
[Site "Internet Chess Club"]
[Date "2013.03.15"]
[Round "4"]
[White "Asmodean"]
[Black "jjaillet2007"]
[Result "0-1"]
[WhiteElo "1300"]
[BlackElo "1436"]
[Opening "French: Marshall variation"]
[ECO "C10"]
[Time "15:00:50"]
[TimeControl "2700+45"]

1. e4 e6 2. d4 d5 3. Nc3 c5 4. exd5 exd5 5. dxc5 Nf6 6. Bb5+ Nc6 7. Be3 a6 8.
Ba4 Qa5 9. Ne2 Bxc5 10. O-O Bxe3 11. fxe3 Bg4 12. Rb1 O-O 13. Rf4 Rad8 14. h3
Bxe2 15. Qxe2 d4 16. exd4 Nxd4 17. Qe7 Nd5 18. b4 Qb6 19. Nxd5 Rxd5 20. Kh1 Ne6
21. Rf3 Qc7 22. Qxc7 Nxc7 23. Bb3 Rd2 24. Rbf1 Nd5 25. Rf5 Nf6 26. c4 Ne4 27.
Kh2 g6 28. R5f4 f5 29. c5+ Kg7 30. Kg1 Nc3 31. Bc4 Kf6 32. g4 Ke5 33. gxf5 Rxf5
34. Rxf5+ gxf5 35. Rf3 f4 36. Rxc3 Kd4 37. Rf3 Kxc4 38. Rxf4+ Rd4 39. Rxd4+ Kxd4
40. a3 Kc4 41. Kf2 Kb3 42. Kg3 Kxa3 43. Kg4 Kxb4 44. Kg5 a5 45. Kh6 a4 46. Kxh7
a3 47. h4 a2 48. h5 a1=Q 49. h6 Qb1+ 50. Kg7 Kxc5 51. h7 Qxh7+ 52. Kxh7 b5
{White resigns} 0-1

[Event "Team 45 45 League T56"]
[Site "Internet Chess Club"]
[Date "2013.03.14"]
[Round "4"]
[White "Aquaman"]
[Black "semperfi"]
[Result "0-1"]
[WhiteElo "1342"]
[BlackElo "1371"]
[Opening "Réti: King's Indian attack (Barcza system)"]
[ECO "A07"]
[Time "20:00:37"]
[TimeControl "2700+45"]

1. Nf3 d5 2. g3 c6 3. Bg2 e5 4. Nxe5 Nf6 5. d3 Qb6 6. O-O Bd6 7. Nf3 Bg4 8. Nbd2
Nbd7 9. b3 O-O-O 10. a4 Bxf3 11. Nxf3 a5 12. Bb2 h6 13. Nd4 g6 14. Nf3 Rhe8 15.
Bh3 Kb8 16. Rb1 Qc7 17. Bc3 Ne5 18. Nxe5 Bxe5 19. Bxe5 Qxe5 20. e3 d4 21. e4 g5
22. b4 axb4 23. Rxb4 Qa5 24. Qb1 Re7 25. Qb3 g4 26. Bg2 Nd7 27. Rxd4 Ne5 28.
Rxd8+ Qxd8 29. Qb4 Qd7 30. a5 Nf3+ 31. Bxf3 gxf3 32. a6 Qh3 33. a7+ Ka8 34. Kh1
Qg2# {White checkmated} 0-1

[Event "Team 45 45 League T56"]
[Site "Internet Chess Club"]
[Date "2013.03.20"]
[Round "4"]
[White "IshanR"]
[Black "kidviper"]
[Result "0-1"]
[WhiteElo "1790"]
[BlackElo "1985"]
[Opening "Sicilian defense"]
[ECO "B30"]
[Time "07:45:44"]
[TimeControl "2700+45"]

1. e4 c5 2. Nf3 Nc6 3. c3 Nf6 4. e5 Nd5 5. d4 cxd4 6. cxd4 d6 7. exd6 Qxd6 8.
Nc3 Nxc3 9. bxc3 Bg4 10. Rb1 Qc7 11. Qb3 Rb8 12. d5 Bxf3 13. gxf3 Ne5 14. Bb5+
Nd7 15. Qa4 a6 16. Bxd7+ Qxd7 17. Qxd7+ Kxd7 18. Bf4 Rc8 19. Rxb7+ Ke8 20. Kd2
Rg8 21. Rhb1 f6 22. Rb8 Rxb8 23. Rxb8+ Kf7 24. Ra8 g5 25. Bc7 g4 26. fxg4 Bh6+
{White resigns} 0-1

[Event "Team 45 45 League T56"]
[Site "Internet Chess Club"]
[Date "2013.03.20"]
[Round "4"]
[White "CzwartyWymiar"]
[Black "kidcobra"]
[Result "0-1"]
[WhiteElo "1770"]
[BlackElo "1749"]
[Opening "Queen's pawn game, Darooha variation "]
[ECO "D02"]
[Time "14:35:38"]
[TimeControl "2700+45"]

1. Nf3 d5 2. d4 Nf6 3. c4 e6 4. cxd5 exd5 5. Bg5 Be7 6. e3 Bf5 7. Bd3 Bxd3 8.
Qxd3 Ne4 9. Qb5+ Nd7 10. Bxe7 Qxe7 11. Qxd5 O-O 12. Nc3 Nxc3 13. bxc3 c6 14. Qb3
Qe4 15. Qxb7 Rab8 16. Qxd7 Rb2 17. O-O Qc2 18. Qxa7 h6 19. Rfc1 Qxf2+ 20. Kh1
Qxg2# {White checkmated} 0-1

[Event "Team 45 45 League T56"]
[Site "Internet Chess Club"]
[Date "2013.03.17"]
[Round "4"]
[White "RamRock"]
[Black "knightstormala"]
[Result "1-0"]
[WhiteElo "1844"]
[BlackElo "1755"]
[Opening "King's Indian: 5.Nf3"]
[ECO "E90"]
[Time "19:06:34"]
[TimeControl "2700+45"]

1. e4 g6 2. d4 Bg7 3. c4 d6 4. Nc3 Nf6 5. Nf3 O-O 6. Bd3 Nbd7 7. O-O e5 8. Bc2
a6 9. Re1 Ne8 10. Rb1 exd4 11. Nxd4 Ne5 12. b3 Bd7 13. Bb2 Nc6 14. Nd5 Nf6 15.
f3 Nxd5 16. Nxc6 Bxc6 17. exd5 Bd7 18. Bxg7 Kxg7 19. Qd4+ Qf6 20. Qxf6+ Kxf6 21.
Re3 Rfe8 22. Rbe1 Rxe3 23. Rxe3 Re8 24. Kf2 Rxe3 25. Kxe3 b5 26. f4 c6 27. dxc6
Bxc6 28. Be4 Bd7 29. cxb5 Bxb5 30. Bd3 Bxd3 31. Kxd3 Kf5 32. b4 Ke6 33. Kd4 f6
34. a4 g5 35. fxg5 fxg5 36. b5 axb5 37. axb5 h5 38. b6 Kd7 39. Kd5 g4 40. g3
{Black resigns} 1-0

[Event "Team 45 45 League T56"]
[Site "Internet Chess Club"]
[Date "2013.03.18"]
[Round "4"]
[White "Philly-Boy"]
[Black "Sir-Sinister"]
[Result "0-1"]
[WhiteElo "1804"]
[BlackElo "2013"]
[Opening "Queen's pawn: Lundin (Kevitz-Mikenas) defense"]
[ECO "A40"]
[Time "20:18:18"]
[TimeControl "2700+45"]

1. d4 Nc6 2. c4 e5 3. d5 Nce7 4. e4 Ng6 5. a3 a5 6. Qa4 Bc5 7. b4 Bd4 8. Ra2 Qh4
9. Qc2 Bxf2+ 10. Qxf2 Qxe4+ 11. Kd1 Qxb1 12. Rb2 Qa1 13. Qc5 Qxa3 14. Qxc7 axb4
15. Nf3 Nf6 16. Nxe5 O-O 17. Be2 Ne8 {White resigns} 0-1

[Event "Team 45 45 League T56"]
[Site "Internet Chess Club"]
[Date "2013.03.18"]
[Round "4"]
[White "Inquisiteur"]
[Black "FourKnights"]
[Result "1/2-1/2"]
[WhiteElo "1576"]
[BlackElo "1767"]
[Opening "Caro-Kann: Panov-Botvinnik attack, 5...e6"]
[ECO "B14"]
[Time "17:02:22"]
[TimeControl "2700+45"]

1. c4 c6 2. e4 d5 3. exd5 cxd5 4. d4 Nf6 5. Nc3 e6 6. Nf3 Be7 7. cxd5 Nxd5 8.
Bd3 O-O 9. O-O a6 10. Re1 Nc6 11. a3 Nf6 12. Bc2 b5 13. Qd3 g6 14. Bh6 Re8 15.
Rad1 Bb7 16. Bb3 b4 17. d5 bxc3 18. dxe6 fxe6 19. Bxe6+ Kh8 20. Qxc3 Qa5 21. Ng5
Qxc3 22. Nf7+ Kg8 23. Ng5+ Kh8 24. Nf7+ Kg8 25. Ng5+ Kh8 26. Nf7+ {Game drawn by
repetition} 1/2-1/2

[Event "Team 45 45 League T56"]
[Site "Internet Chess Club"]
[Date "2013.03.17"]
[Round "4"]
[White "Innes"]
[Black "xt"]
[Result "0-1"]
[WhiteElo "1628"]
[BlackElo "1680"]
[Opening "Sicilian: Smith-Morra gambit"]
[ECO "B21"]
[Time "17:02:26"]
[TimeControl "2700+45"]

1. e4 c5 2. d4 cxd4 3. c3 d3 4. Bxd3 d6 5. c4 Nf6 6. Nc3 a6 7. b3 g6 8. Bb2 Bg7
9. Nge2 O-O 10. O-O Nc6 11. a3 Bd7 12. Kh1 Rb8 13. f4 Na7 14. Rc1 b5 15. cxb5
Nxb5 16. f5 Qb6 17. b4 Bc6 18. Ng3 Rbc8 19. Nxb5 Bxb5 20. Bxb5 Qxb5 21. Qb3 Qb7
22. fxg6 hxg6 23. e5 Rxc1 24. Rxc1 Ng4 25. e6 Nf2+ 26. Kg1 Bxb2 27. exf7+ Rxf7
28. Qxb2 Nd3 29. Qc2 Qb6+ 30. Kh1 Nxc1 31. Qxc1 Qf2 32. a4 Rf4 33. Qc8+ Kf7 34.
Qc1 Rxb4 35. Nf1 Rxa4 36. h3 Rf4 37. Ne3 Re4 38. Nf1 Qe1 39. Qxe1 Rxe1 40. Kg1
a5 41. Kf2 Rxf1+ 42. Kxf1 a4 43. Ke1 a3 44. Kd1 a2 {White resigns} 0-1

[Event "Team 45 45 League T56"]
[Site "Internet Chess Club"]
[Date "2013.03.16"]
[Round "4"]
[White "AVEMARIA"]
[Black "Packerfan"]
[Result "0-1"]
[WhiteElo "1629"]
[BlackElo "1864"]
[Opening "Four knights: Spanish variation"]
[ECO "C48"]
[Time "10:01:46"]
[TimeControl "2700+45"]

1. e4 e5 2. Nf3 Nc6 3. Nc3 Nf6 4. Bb5 d6 5. d3 Be7 6. O-O O-O 7. Bxc6 bxc6 8. h3
Rb8 9. Rb1 Re8 10. Re1 h6 11. Be3 c5 12. Ne2 Be6 13. c4 Qd7 14. Ng3 Rb7 15. Qd2
Reb8 16. b3 c6 17. Qe2 a5 18. Rb2 a4 19. Reb1 axb3 20. Rxb3 Rxb3 21. Rxb3 Rxb3
22. axb3 Qb7 23. Qa2 Ne8 24. Kh2 Kh7 25. Qc2 g6 26. Bd2 Nc7 27. Ng1 Na6 28. N1e2
Nb4 29. Bxb4 cxb4 30. f4 exf4 31. Nxf4 Qa7 32. Nxe6 fxe6 33. Ne2 Bf6 34. g3 Qf2+
35. Kh1 Be5 36. d4 Bxg3 37. Nxg3 {White resigns} 0-1

[Event "Team 45 45 League T56"]
[Site "Internet Chess Club"]
[Date "2013.03.18"]
[Round "4"]
[White "amicusUK"]
[Black "tightfist"]
[Result "0-1"]
[WhiteElo "1613"]
[BlackElo "1491"]
[Opening "Queen's pawn game, Darooha variation "]
[ECO "D02"]
[Time "11:00:35"]
[TimeControl "2700+45"]

1. d4 Nf6 2. Nf3 d5 3. c4 e6 4. cxd5 exd5 5. Bg5 Be7 6. Nc3 c6 7. Qc2 Nbd7 8. e3
Nb6 9. Bd3 h6 10. Bh4 Be6 11. Ne2 Bb4+ 12. Nd2 Nc4 13. Nc3 Nxd2 14. Kxd2 Ne4+
{White resigns} 0-1

[Event "Team 45 45 League T56"]
[Site "Internet Chess Club"]
[Date "2013.03.18"]
[Round "4"]
[White "whiskeytown"]
[Black "stanbeers"]
[Result "1-0"]
[WhiteElo "1657"]
[BlackElo "1512"]
[Opening "KP: Nimzovich defense"]
[ECO "B00"]
[Time "20:02:04"]
[TimeControl "2700+45"]

1. e4 Nc6 2. d4 d6 3. Bb5 Bd7 4. f4 Nf6 5. Nc3 e6 6. Nf3 Be7 7. Be3 d5 8. exd5
Nxd5 9. Nxd5 exd5 10. Bxc6 bxc6 11. Qd3 Qc8 12. O-O-O Rb8 13. Kb1 Bf5 14. Qc3
Qa6 15. Bc1 O-O 16. Ne5 Rb6 17. g4 Bb4 18. Qg3 Bc8 19. h4 Bd6 20. h5 Bxe5 21.
fxe5 Qe2 22. Rhg1 Ra6 23. Rd2 Qb5 24. h6 c5 25. hxg7 Re8 26. Rh1 cxd4 27. Rdh2
f5 28. Rxh7 fxg4 29. Rh8+ Kxg7 30. R1h7+ Kg6 31. Qf4 Qd7 32. Qg5# {Black
checkmated} 1-0

[Event "Team 45 45 League T56"]
[Site "Internet Chess Club"]
[Date "2013.03.18"]
[Round "4"]
[White "otherook"]
[Black "Buford-Julep"]
[Result "1/2-1/2"]
[WhiteElo "1762"]
[BlackElo "1730"]
[Opening "English, 1...Nf6 (Anglo-Indian defense)"]
[ECO "A15"]
[Time "19:00:34"]
[TimeControl "2700+45"]

1. c4 Nf6 2. g3 e6 3. Bg2 d5 4. cxd5 exd5 5. Nf3 Bd6 6. Nc3 O-O 7. O-O c6 8. d3
Re8 9. Re1 Nbd7 10. e4 dxe4 11. dxe4 Ne5 12. Nxe5 Bxe5 13. Qb3 Qe7 14. Bg5 Be6
15. Bxf6 Bxf6 16. Qc2 Qc5 17. Kh1 b5 18. Rac1 Bd4 19. f4 Rac8 20. Ne2 Qxc2 21.
Rxc2 Bb6 22. b3 c5 23. Rec1 c4 24. bxc4 Rxc4 25. Rxc4 Bxc4 26. Nc3 b4 27. Nd5
Bxa2 28. Nxb4 Bb3 29. Bf3 Kf8 30. Nd5 Bxd5 31. exd5 Ke7 32. Re1+ Kd7 33. Rxe8
Kxe8 34. Kg2 a5 35. Bd1 Ke7 36. Kf3 Kd6 37. Bb3 f5 {Game drawn by mutual
agreement} 1/2-1/2

[Event "Team 45 45 League T56"]
[Site "Internet Chess Club"]
[Date "2013.03.17"]
[Round "4"]
[White "LazyPeon"]
[Black "crazyhorses"]
[Result "1-0"]
[WhiteElo "1755"]
[BlackElo "1394"]
[Opening "QGD: Albin counter-gambit"]
[ECO "D08"]
[Time "15:08:29"]
[TimeControl "2700+45"]

1. d4 d5 2. c4 e5 3. dxe5 d4 4. Nf3 Nc6 5. a3 Bg4 6. Nbd2 Qd7 7. g3 O-O-O 8. Bg2
f6 9. exf6 Nxf6 10. O-O h5 11. b4 g6 12. b5 Na5 13. Ne5 Qg7 14. Ndf3 Ne4 15. Bb2
Bxf3 16. Nxf3 Nc3 17. Bxc3 dxc3 18. Bh3+ Rd7 19. Bxd7+ Qxd7 20. Qxd7+ Kxd7 21.
Ne5+ Kc8 22. Nxg6 Rg8 23. Nxf8 Rxf8 24. Rac1 Nxc4 25. Rxc3 Nd2 26. Rfc1 Rf7 27.
f3 h4 28. Rd3 {Black resigns} 1-0

[Event "Team 45 45 League T56"]
[Site "Internet Chess Club"]
[Date "2013.03.17"]
[Round "4"]
[White "nursey"]
[Black "pauliewoll"]
[Result "0-1"]
[WhiteElo "1627"]
[BlackElo "1592"]
[Opening "QGD: Tartakower (Makagonov-Bondarevsky) system, 8.cd Nxd5"]
[ECO "D59"]
[Time "04:03:46"]
[TimeControl "2700+45"]

1. d4 Nf6 2. c4 e6 3. Nc3 d5 4. Bg5 Be7 5. e3 O-O 6. Nf3 h6 7. Bh4 b6 8. cxd5
Nxd5 9. Bxe7 Qxe7 10. Nxd5 exd5 11. Be2 Be6 12. O-O c5 13. Rc1 Rc8 14. dxc5 bxc5
15. Ne5 a5 16. Bf3 Nd7 17. Nxd7 Qxd7 18. Re1 Rab8 19. b3 c4 20. Qd2 cxb3 21.
axb3 Qb5 22. h3 Qb4 23. Rxc8+ Rxc8 24. Rd1 Qxd2 25. Rxd2 Rc5 26. Kf1 Kf8 27. Ke2
Rb5 28. Rd3 d4 29. exd4 Bxb3 30. Bc6 Rb6 31. Rc3 a4 32. Rc1 a3 33. Kd3 a2 34. d5
Ke7 35. Ra1 Kd6 36. g3 Ra6 37. Kd4 Bc2 38. h4 Ra3 39. Bb5 Bb1 40. Bc4 f5 41. h5
Ra4 42. f3 Ra3 43. f4 Ra4 44. Kc3 Kc5 45. Bb3 Ra3 46. Kb2 Rxb3+ 47. Kxb3 Kxd5
48. Kc3 Ke4 49. Kd2 Kf3 {White resigns} 0-1

[Event "Team 45 45 League T56"]
[Site "Internet Chess Club"]
[Date "2013.03.14"]
[Round "4"]
[White "SirIvanhoe"]
[Black "caglar"]
[Result "1/2-1/2"]
[WhiteElo "1463"]
[BlackElo "1493"]
[Opening "Bishop's opening: Berlin defense"]
[ECO "C24"]
[Time "13:00:40"]
[TimeControl "2700+45"]

1. e4 e5 2. Bc4 Nf6 3. d3 c6 4. Nf3 d5 5. exd5 cxd5 6. Bb5+ Bd7 7. Bxd7+ Nbxd7
8. O-O Bd6 9. Bg5 Qb6 10. Qc1 Rc8 11. Na3 O-O 12. Nb1 d4 13. Nbd2 Qc7 14. Ne1
Nd5 15. a3 f6 16. Bh4 Nf4 17. Qd1 Ng6 18. Bg3 f5 19. f3 Nb6 20. Rf2 f4 21. Bxf4
Nxf4 22. Ne4 Nbd5 23. Rc1 Ne3 24. Qd2 Be7 25. Kh1 Qb6 26. c3 Qh6 27. cxd4 Rxc1
28. Qxc1 exd4 29. Qc4+ Kh8 30. Qxd4 Nf5 31. Qxa7 Bh4 32. Rf1 Bg3 33. Nxg3 Nxg3+
34. Kg1 Nxf1 35. Kxf1 Qe6 36. Qf2 Rc8 37. Qd2 Rd8 38. Qxf4 Re8 39. Qd2 {Game
drawn by mutual agreement} 1/2-1/2

[Event "Team 45 45 League T56"]
[Site "Internet Chess Club"]
[Date "2013.03.16"]
[Round "4"]
[White "alexping"]
[Black "bahamapapa"]
[Result "1-0"]
[WhiteElo "1928"]
[BlackElo "1743"]
[Opening "Modern defense: Averbakh system, Kotov variation"]
[ECO "A40"]
[Time "11:35:05"]
[TimeControl "2700+45"]

1. d4 g6 2. c4 Bg7 3. Nc3 d6 4. e4 Nc6 5. Be3 e5 6. d5 Nce7 7. c5 f5 8. f3 Nf6
9. Bb5+ Kf8 10. Nge2 f4 11. Bf2 a6 12. Bd3 g5 13. b4 h5 14. cxd6 cxd6 15. h3 Ng6
16. a4 g4 17. hxg4 hxg4 18. Rxh8+ Bxh8 19. a5 gxf3 20. gxf3 Nh5 21. Kd2 Qg5 22.
Na4 Bf6 23. Nb6 Rb8 24. Rc1 Bh3 25. Ng1 Bg2 26. Nd7+ Kg7 27. Nxb8 Ng3 28. Rc7+
Kh6 29. Rxb7 Nh4 30. Be2 Qh5 31. Qb3 Bg5 32. Rb6 Nxe4+ 33. fxe4 f3+ 34. Be3 f2
35. Rxd6+ Ng6 36. Bxh5 f1=Q 37. Rxg6+ Kh7 38. Rxg5 Bxe4 39. d6 {Black resigns}
1-0

[Event "Team 45 45 League T56"]
[Site "Internet Chess Club"]
[Date "2013.03.16"]
[Round "4"]
[White "WillC"]
[Black "bshribharath"]
[Result "0-1"]
[WhiteElo "1765"]
[BlackElo "1949"]
[Opening "Réti: Nimzovich-Larsen attack"]
[ECO "A06"]
[Time "13:02:11"]
[TimeControl "2700+45"]

1. Nf3 d5 2. b3 Bf5 3. Bb2 e6 4. e3 h6 5. Be2 Nf6 6. d4 Be7 7. Nbd2 Nbd7 8. O-O
O-O 9. c4 c6 10. Rc1 Qa5 11. a3 Qb6 12. c5 Qc7 13. b4 b5 14. cxb6 axb6 15. Nb3
Qb7 16. Bd3 Ne4 17. Ne5 Nxe5 18. dxe5 Bh7 19. f3 Ng5 20. Bxh7+ Nxh7 21. Qc2 Rfc8
22. Rb1 c5 23. bxc5 bxc5 24. Nd2 c4 25. Bc1 Qd7 26. Ra1 Qa4 27. Qxa4 Rxa4 28.
Nb1 Rca8 29. Nc3 R4a6 30. Nb5 Rb6 31. Nd4 Nf8 32. Rf2 Nd7 33. f4 Nc5 34. Rb2
Rxb2 35. Bxb2 Nd3 36. Nb5 Nxb2 {White resigns} 0-1

[Event "Team 45 45 League T56"]
[Site "Internet Chess Club"]
[Date "2013.03.18"]
[Round "4"]
[White "Beetlejuice"]
[Black "Innes"]
[Result "1/2-1/2"]
[WhiteElo "1733"]
[BlackElo "1633"]
[Opening "QGD Slav: 4.e3"]
[ECO "D11"]
[Time "14:03:28"]
[TimeControl "2700+45"]

1. d4 d5 2. c4 c6 3. Nf3 Nf6 4. e3 a6 5. Bd3 Bg4 6. Qb3 Bxf3 7. Qxb7 Bxg2 8. Rg1
Nbd7 9. Rxg2 c5 10. cxd5 g6 11. Nc3 Bg7 12. b3 O-O 13. Bb2 cxd4 14. exd4 Qa5 15.
b4 Qb6 16. Qxb6 Nxb6 17. a3 Nfxd5 18. Nxd5 Nxd5 19. Bc4 Nb6 20. Bb3 Rfd8 21. Rd1
e6 22. f3 Nd5 23. Re2 Rac8 24. Rc2 Ne3 25. Rxc8 Rxc8 26. Rc1 Rxc1+ 27. Bxc1 Bxd4
28. Bxe3 Bxe3 29. Bc4 Bf4 30. h3 Be5 31. Bxa6 Bb2 32. Bc4 Bxa3 33. b5 Bc5 34.
Kf1 Kg7 35. Kg2 e5 36. Kg3 f5 37. Bd3 Kf6 38. Kg2 g5 39. Kg3 h5 40. Kg2 h4 41.
Kf1 Ke6 42. Ke2 Kd5 43. Bxf5 {Game drawn by mutual agreement} 1/2-1/2

[Event "Team 45 45 League T56"]
[Site "Internet Chess Club"]
[Date "2013.03.18"]
[Round "4"]
[White "amicusUK"]
[Black "qs16"]
[Result "1-0"]
[WhiteElo "1635"]
[BlackElo "1735"]
[Opening "Queen's pawn game"]
[ECO "A46"]
[Time "16:00:29"]
[TimeControl "2700+45"]

1. d4 Nf6 2. Nf3 e6 3. c3 b6 4. Bg5 Be7 5. e3 Bb7 6. Be2 O-O 7. O-O h6 8. Bh4 c5
9. Nbd2 Ne4 10. Bxe7 Qxe7 11. Nxe4 Bxe4 12. Ne5 Nc6 13. Nxc6 Bxc6 14. Bf3 Bxf3
15. Qxf3 d5 16. Rfe1 Qg5 17. Rad1 Rac8 18. e4 cxd4 19. Rxd4 dxe4 20. Qxe4 Rcd8
21. Red1 Rxd4 22. Qxd4 Qb5 23. Rd2 Qf5 24. Qd3 Qe5 25. Rd1 Qa5 26. a3 Qa4 27. g3
Re8 28. Qd7 Qxd7 29. Rxd7 Ra8 30. c4 Kf8 31. b4 Ke8 32. Rc7 a5 33. c5 axb4 34.
cxb6 b3 35. b7 Rb8 36. Rc8+ Kd7 37. Rxb8 b2 38. Rd8+ {Black resigns} 1-0